 Dungeon Crawl Stone Soup version 0.29.1-15-g9cfb28693d (webtiles) character file.

Game seed: 2137822051643733097

39 Arctor the Firebug (level 3, 0/19 HPs)
             Began as a Deep Elf Fire Elementalist on Feb 26, 2023.
             Constricted to death by a ball python (1 damage)
             ... on level 1 of the Dungeon.
             The game lasted 00:02:11 (1694 turns).

Arctor the Firebug (Deep Elf Fire Elementalist)     Turns: 1694, Time: 00:02:12

Health: 0/19       AC:  3    Str:  5    XL:     3   Next: 28%
Magic:  2/10       EV: 10    Int: 21    God:
Gold:   52         SH:  0    Dex: 15    Spells: 8/9 levels left

rFire   . . .      SeeInvis .   h - +0 dagger
rCold   . . .      Faith    +   (no shield)
rNeg    . . .      Spirit   .   a - +0 robe
rPois   .          Reflect  .   (no helmet)
rElec   .          Harm     .   d - +0 cloak
rCorr   .          Rampage  .   (no gloves)
Will    .....                   (no boots)
Stlth   ++........              c - amulet of faith
HPRegen 0.06/turn               (no ring)
MPRegen 0.12/turn               (no ring)

@: mighty, constricted
A: no striking features
a: no special abilities


You were on level 1 of the Dungeon.
You visited 1 branch of the dungeon, and saw 2 of its levels.

You collected 52 gold pieces.

Inventory:

Hand Weapons
 h - a +0 dagger (weapon)
Armour
 a - a +0 robe (worn)
 d - a +0 cloak (worn)
Jewellery
 c - an amulet of faith (around neck)
Scrolls
 e - a scroll of identify {unknown}
 f - a scroll of teleportation {unknown}
Potions
 b - a potion of magic
 g - a potion of curing
 j - a potion of heal wounds {unknown}
 k - 2 potions of attraction {unknown}
 l - a potion of mutation {unknown}


   Skills:
 + Level 2.9 Dodging
 + Level 3.1 Stealth
 + Level 3.5 Spellcasting
 + Level 1.8 Conjurations
 + Level 3.6 Fire Magic


You had 8 spell levels left.
You knew the following spells:

 Your Spells              Type           Power      Damage    Failure   Level
a - Foxfire               Conj/Fire      60%        2x1d7     4%          1

Your spell library contained the following spells:

 Spells                   Type           Power      Damage    Failure   Level
 Scorch                   Fire           38%        2d6       4%          2
 Conjure Flame            Conj/Fire      15%        6-21      12%         3
 Inner Flame              Hex/Fire       11%        N/A       19%         3
 Flame Wave               Conj/Fire      15%        2d7       38%         4


Dungeon Overview and Level Annotations

Branches:
Dungeon (2/15)

Altars:


Message History

The ball python constricts you. The jackal bites you.
The ball python barely misses you. The ball python constricts you.
* * * LOW HITPOINT WARNING * * *
You hit the jackal but do no damage.
The jackal is moderately wounded.
The jackal barely misses you. The ball python misses you.
The ball python constricts you.
It was a potion of curing.
You feel better. The jackal bites you. The ball python closely misses you.
The ball python constricts you.
The jackal bites you but does no damage.
It was a potion of might.
You feel very mighty all of a sudden. The ball python barely misses you.
The ball python constricts you. The jackal barely misses you.
Okay, then.
You barely miss the ball python.
The ball python bites you but does no damage.
The ball python constricts you. The jackal closely misses you.
You hit the jackal.
The jackal is severely wounded.
The jackal barely misses you. The ball python closely misses you.
The ball python constricts you. The jackal barely misses you.
The ball python bites you but does no damage.
The ball python constricts you.
You barely miss the ball python. The jackal bites you.
The ball python bites you.
* * * LOW HITPOINT WARNING * * *
The ball python constricts you.
* * * LOW HITPOINT WARNING * * *
You puncture the jackal!
You kill the jackal!
The ball python bites you.
* * * LOW HITPOINT WARNING * * *
The ball python constricts you.
* * * LOW HITPOINT WARNING * * *
Casting: Foxfire (safe; 4% risk of failure)
Confirm with . or Enter, or press ? or * to list all spells.
You conjure some foxfire!
The ball python misses you. The ball python constricts you.
You die...

.##...##.# #...#.##.# ......##.#
.....###.# .....# #.# .....# #.#
#### ...(.# #.# #######...
.....#
#.###############.......##
.....###.......v@S.......#####.#
.###.)##..################ #.#
....>....)# #.# ...#......# #.##
....#.##### #... ......# #.##
#.....## #.# ##.....## ### #.##
###.....####.## #...


You could see a ball python (ally target).

Vanquished Creatures
  Robin (D:2)
  An endoplasm (D:1)
  3 goblins (D:2)
  4 hobgoblins
  8 jackals (D:1)
  2 quokkas (D:1)
  A bat (D:1)
  A frilled lizard (D:1)
  3 kobolds (D:1)
  A rat (D:1)
25 creatures vanquished.

Vanquished Creatures (collateral kills)
  19 foxfires (D:1)
19 creatures vanquished.

Vanquished Creatures (others)
  86 foxfires
  3 plants (D:1)
89 creatures vanquished.

Grand Total: 133 creatures vanquished

Notes
Turn   | Place    | Note
-------+----------+-------------------------------------------
     0 | D:1      | Arctor the Deep Elf Fire Elementalist began the quest for
                  | the Orb.
     0 | D:1      | Reached XP level 1. HP: 10/10 MP: 6/6
   443 | D:1      | Reached XP level 2. HP: 7/15 MP: 0/8
  1659 | D:2      | Noticed Robin
  1666 | D:2      | Killed Robin
  1667 | D:2      | Reached XP level 3. HP: 19/19 MP: 0/10
  1694 | D:1      | Constricted to death by a ball python

Illustrated notes

Levels and vault maps discovered:
D:1:      onia_arrival_pyramid, layout_loops_ring, serial_forest,
          infiniplex_forest_3_way, infiniplex_forest_side_room,
          infiniplex_forest_clump_medium, infiniplex_forest_clump_double,
          infiniplex_forest_clump_tiny, infiniplex_forest_end_3,
          infiniplex_forest_lined_room_2, infiniplex_forest_clump_long,
          infiniplex_forest_lined_room_, infiniplex_forest_clump_long
D:2:      layout_loops_ring, minmay_pentomino_u4, uniq_robin

Skill      XL: |  1  2 |
---------------+-------+-----
Stealth        | 3 |  3.1
Dodging        | |  2.9
Spellcasting   | |  3.5
Conjurations   | |  1.8
Fire Magic     | |  3.6

Action                   || total
-------------------------++-------
Melee: Dagger            ||    37
 Cast: Foxfire           ||    71
  Use: Potion            ||     2
 Stab: Distracted        ||     1
Armor: Robe              ||    19
Dodge: Dodged            ||    71
